General information
- name: BNet
- type: Ladder team game (AT/RT)
- host: Battle.net
- saver: SMERB.COM.COM
map: Battleground
- players: 8
- length: 14:27
- speed: Fast
- version: 1.23 W3XP
- replay type: Public
» download(146 KB)
Players
team 1 (loser)
Ze.Rath3isaFaig (
green | 83 APM | 1124 actions | 13:36)
3 Keeper of the Grove
1 Entangling Roots
2 Thorns Aura
» actions
| Assign group hotkey | 13 | |
| Basic commands | 172 | |
| Build / train | 36 | |
| ESC pressed | 1 | |
| Enter build submenu | 13 | |
| Enter hero's abilities submenu | 3 | |
| Right click | 373 | |
| Select / deselect | 340 | |
| Select group hotkey | 127 | |
| Use ability | 44 | |
1124 total
» units
» upgrades
» buildings
| Altar of Elders | 1 | |
| Moon Well | 4 | |
| Hunter's Hall | 1 | |
| Ancient of War | 2 | |
| Ancient Protector | 1 | |
| Tree of Ages | 1 | |
| Ancient of Lore | 2 | |
| Ancient of Wonders | 1 | |
13 total
» build order
00:08 Altar of Elders
00:26 Moon Well
01:32 Hunter's Hall
01:51 Ancient of War
02:06 Ancient of War
02:26 Moon Well
03:16 Moon Well
04:17 Ancient Protector
05:16 Tree of Ages
09:01 Ancient of Lore
09:04 Ancient of Lore
09:53 Moon Well
10:46 Ancient of Wonders
» items
| Potion of Healing | 1 | |
| Dust of Appearance | 1 | |
| Potion of Mana | 1 | |
| Scroll of Town Portal | 1 | |
| Scroll of Healing | 1 | |
| Scroll of Protection | 1 | |
6 total
WhiteStain (
pink | 151 APM | 2057 actions | 13:39)
4 Priestess of the Moon
2 Searing Arrows
2 Trueshot Aura
» actions
| Assign group hotkey | 536 | |
| Basic commands | 136 | |
| Build / train | 48 | |
| ESC pressed | 4 | |
| Enter build submenu | 9 | |
| Enter hero's abilities submenu | 4 | |
| Right click | 499 | |
| Select / deselect | 124 | |
| Select group hotkey | 654 | |
| Use ability | 43 | |
2057 total
» units
» upgrades
» buildings
| Altar of Elders | 1 | |
| Moon Well | 5 | |
| Ancient of War | 2 | |
| Hunter's Hall | 1 | |
| Tree of Ages | 2 | |
11 total
» build order
00:01 Altar of Elders
00:18 Moon Well
01:51 Ancient of War
01:52 Hunter's Hall
02:13 Ancient of War
02:20 Moon Well
03:14 Moon Well
05:22 Moon Well
06:59 Moon Well
09:24 Tree of Ages
» items
| Scroll of Town Portal | 1 | |
| Scroll of Protection | 1 | |
| Scroll of Healing | 1 | |
3 total
SonOfHeaven (
teal | 52 APM | 745 actions | 14:22)
5 Paladin
3 Holy Light
2 Divine Shield
» actions
| Basic commands | 40 | |
| Build / train | 40 | |
| Enter build submenu | 12 | |
| Enter hero's abilities submenu | 5 | |
| Right click | 365 | |
| Select / deselect | 241 | |
| Use ability | 42 | |
745 total
» units
» upgrades
| Plating | 3 | |
| Defend | 1 | |
| Animal War Training | 1 | |
| Swords | 1 | |
6 total
» buildings
| Altar of Kings | 1 | |
| Farm | 7 | |
| Barracks | 2 | |
| Keep | 1 | |
| Blacksmith | 1 | |
| Castle | 1 | |
| Lumber Mill | 1 | |
14 total
» build order
00:23 Altar of Kings
00:39 Farm
00:54 Barracks
01:22 Farm
02:01 Barracks
02:06 Farm
02:47 Farm
04:00 Keep
05:17 Blacksmith
06:57 Castle
07:03 Farm
07:47 Farm
09:30 Lumber Mill
11:06 Farm
» items
Plashendel (
yellow | 48 APM | 698 actions | 14:26)
3 Death Knight
1 Death Coil
2 Unholy Aura
1 Lich
1 Frost Nova
» actions
| Basic commands | 20 | |
| Build / train | 43 | |
| Enter build submenu | 14 | |
| Enter hero's abilities submenu | 4 | |
| Right click | 406 | |
| Select / deselect | 175 | |
| Use ability | 36 | |
698 total
» units
| Acolyte | 2 | |
| Ghoul | 7 | |
| Crypt Fiend | 11 | |
| Forest Troll Shadow Priest | 1 | |
| Obsidian Statue | 2 | |
23 total
» upgrades
| Creature Attack | 2 | |
| Creature Carapace | 1 | |
| Web | 1 | |
4 total
» buildings
| Crypt | 1 | |
| Ziggurat | 6 | |
| Altar of Darkness | 1 | |
| Graveyard | 1 | |
| Tomb of Relics | 1 | |
| Nerubian Tower | 2 | |
| Halls of the Dead | 1 | |
| Black Citadel | 1 | |
| Sacrificial Pit | 1 | |
| Slaughterhouse | 1 | |
| Boneyard | 1 | |
17 total
» build order
00:12 Crypt
00:18 Ziggurat
00:53 Altar of Darkness
01:10 Graveyard
01:24 Tomb of Relics
01:36 Ziggurat
02:03 Nerubian Tower
02:16 Ziggurat
02:28 Nerubian Tower
06:53 Halls of the Dead
06:59 Ziggurat
09:23 Black Citadel
09:27 Sacrificial Pit
09:30 Slaughterhouse
11:01 Ziggurat
11:54 Boneyard
12:00 Ziggurat
» items
| Rod of Necromancy | 4 | |
| Scroll of Town Portal | 2 | |
6 total
team 2 (winner)
STARCRAFTLEGEND (
blue | 129 APM | 1859 actions | 14:26)
5 Mountain King
3 Storm Bolt
2 Bash
» actions
| Assign group hotkey | 144 | |
| Basic commands | 299 | |
| Build / train | 61 | |
| ESC pressed | 3 | |
| Enter build submenu | 20 | |
| Enter hero's abilities submenu | 5 | |
| Give item / drop item | 4 | |
| Right click | 550 | |
| Select / deselect | 286 | |
| Select group hotkey | 440 | |
| Use ability | 47 | |
1859 total
» units
| Peasant | 11 | |
| Footman | 14 | |
| Sorceress | 7 | |
| Priest | 3 | |
| Rifleman | 7 | |
| Spell Breaker | 1 | |
43 total
» upgrades
» buildings
| Altar of Kings | 1 | |
| Barracks | 1 | |
| Farm | 9 | |
| Arcane Vault | 2 | |
| Lumber Mill | 1 | |
| Keep | 3 | |
| Arcane Sanctum | 2 | |
| Blacksmith | 1 | |
20 total
» build order
00:10 Altar of Kings
00:15 Barracks
00:26 Farm
00:52 Farm
01:57 Farm
02:58 Arcane Vault
03:00 Farm
03:16 Lumber Mill
04:32 Keep
05:07 Farm
05:28 Farm
07:04 Arcane Sanctum
07:05 Arcane Sanctum
07:20 Arcane Vault
08:25 Blacksmith
08:26 Farm
09:06 Farm
09:59 Farm
» items
| Boots of Speed | 1 | |
| Dust of Appearance | 1 | |
| Potion of Lesser Invulnerability | 1 | |
| Scroll of Town Portal | 1 | |
4 total
SMERB.COM.COM (
red | 95 APM | 1371 actions | 14:27)
4 Death Knight
2 Death Coil
2 Unholy Aura
3 Lich
2 Frost Nova
1 Frost Armor
» actions
| Assign group hotkey | 26 | |
| Basic commands | 124 | |
| Build / train | 76 | |
| ESC pressed | 1 | |
| Enter build submenu | 12 | |
| Enter hero's abilities submenu | 7 | |
| Give item / drop item | 4 | |
| Right click | 605 | |
| Select / deselect | 203 | |
| Select group hotkey | 221 | |
| Use ability | 92 | |
1371 total
» units
| Acolyte | 2 | |
| Ghoul | 1 | |
| Crypt Fiend | 20 | |
| Obsidian Statue | 4 | |
27 total
» upgrades
| Creature Attack | 1 | |
| Destroyer Form | 1 | |
| Web | 1 | |
3 total
» buildings
| Graveyard | 1 | |
| Crypt | 1 | |
| Altar of Darkness | 1 | |
| Ziggurat | 4 | |
| Tomb of Relics | 1 | |
| Nerubian Tower | 4 | |
| Halls of the Dead | 4 | |
| Slaughterhouse | 1 | |
| Black Citadel | 4 | |
21 total
» build order
00:11 Graveyard
00:20 Crypt
00:41 Altar of Darkness
00:57 Ziggurat
01:11 Tomb of Relics
02:02 Ziggurat
02:11 Nerubian Tower
02:11 Nerubian Tower
02:12 Nerubian Tower
04:11 Halls of the Dead
04:12 Halls of the Dead
04:12 Halls of the Dead
05:28 Ziggurat
05:29 Ziggurat
07:17 Slaughterhouse
09:05 Black Citadel
09:05 Black Citadel
09:06 Black Citadel
» items
| Rod of Necromancy | 6 | |
| Dust of Appearance | 1 | |
| Scroll of Town Portal | 2 | |
| Orb of Corruption | 3 | |
| Scroll of Healing | 1 | |
| Scroll of Protection | 1 | |
14 total

»
KODOS_FORSAKEN (
purple | 135 APM | 1951 actions | 14:26)
4 Beastmaster
2 Summon Quilbeast
2 Summon Hawk
3 Dark Ranger
2 Black Arrow
1 Silence
» actions
| Assign group hotkey | 352 | |
| Build / train | 56 | |
| Enter build submenu | 20 | |
| Enter hero's abilities submenu | 8 | |
| Give item / drop item | 2 | |
| Right click | 819 | |
| Select / deselect | 321 | |
| Select group hotkey | 295 | |
| Use ability | 78 | |
1951 total
» units
| Wisp | 12 | |
| Huntress | 4 | |
| Archer | 8 | |
| Dryad | 9 | |
33 total
» upgrades
| Strength of the Moon | 1 | |
| Strength of the Wild | 2 | |
| Abolish Magic | 1 | |
| Reinforced Hides | 1 | |
5 total
» buildings
| Altar of Elders | 1 | |
| Moon Well | 6 | |
| Hunter's Hall | 1 | |
| Ancient of War | 3 | |
| Ancient Protector | 2 | |
| Tree of Ages | 1 | |
| Ancient of Lore | 2 | |
| Ancient of Wonders | 1 | |
17 total
» build order
00:10 Altar of Elders
00:12 Moon Well
01:29 Hunter's Hall
01:54 Ancient of War
02:11 Ancient of War
02:24 Moon Well
02:42 Moon Well
02:56 Moon Well
02:58 Moon Well
03:30 Ancient Protector
04:07 Moon Well
04:18 Ancient Protector
04:47 Ancient of War
05:30 Tree of Ages
08:41 Ancient of Lore
09:13 Ancient of Lore
10:28 Ancient of Wonders
» items
| Scroll of Town Portal | 1 | |
| Staff of Preservation | 1 | |
2 total
BeethovenReborn (
orange | 54 APM | 780 actions | 14:26)
4 Lich
2 Frost Nova
2 Dark Ritual
2 Dark Ranger
1 Silence
1 Life Drain
» actions
| Assign group hotkey | 18 | |
| Basic commands | 44 | |
| Build / train | 44 | |
| ESC pressed | 4 | |
| Enter build submenu | 13 | |
| Enter hero's abilities submenu | 6 | |
| Right click | 191 | |
| Select / deselect | 203 | |
| Select group hotkey | 206 | |
| Use ability | 51 | |
780 total
» units
| Acolyte | 2 | |
| Ghoul | 14 | |
| Necromancer | 6 | |
| Meatwagon | 2 | |
| Obsidian Statue | 1 | |
25 total
» upgrades
| Necromancer Training | 2 | |
| Skeletal Longevity | 2 | |
| Unholy Strength | 2 | |
6 total
» buildings
| Crypt | 1 | |
| Ziggurat | 4 | |
| Altar of Darkness | 1 | |
| Halls of the Dead | 1 | |
| Graveyard | 1 | |
| Nerubian Tower | 1 | |
| Temple of the Damned | 3 | |
| Slaughterhouse | 3 | |
| Tomb of Relics | 1 | |
| Black Citadel | 1 | |
17 total
» build order
00:12 Crypt
00:14 Ziggurat
00:32 Altar of Darkness
01:08 Ziggurat
02:33 Halls of the Dead
03:34 Graveyard
03:43 Nerubian Tower
05:21 Temple of the Damned
05:24 Temple of the Damned
05:27 Temple of the Damned
05:29 Slaughterhouse
05:49 Ziggurat
05:51 Ziggurat
09:27 Tomb of Relics
11:52 Black Citadel
12:17 Slaughterhouse
12:20 Slaughterhouse
» items
Chat log
(00:02 / Allies) STARCRAFTLEGEND: rofls
(00:05 / All) SMERB.COM.COM: GL HF
(00:05 / All) STARCRAFTLEGEND: I like this team
(00:06 / Allies) KODOS_FORSAKEN: holy moly
(00:12 / All) WhiteStain: i like your team
(00:16 / Allies) SMERB.COM.COM: first time ive found
(00:17 / Allies) SMERB.COM.COM: in forever
(00:22 / Allies) KODOS_FORSAKEN: really?
(00:23 / Allies) STARCRAFTLEGEND: wuts ur stats
(00:23 / Allies) SMERB.COM.COM: so funny wes on vent
(00:24 / Allies) SMERB.COM.COM: with me
(00:24 / Allies) KODOS_FORSAKEN: i find in 5 mins
(00:26 / Allies) KODOS_FORSAKEN: all the time
(00:27 / Allies) SMERB.COM.COM: ze.
(00:30 / Allies) SMERB.COM.COM: and
(00:30 / Allies) STARCRAFTLEGEND: im 21-4in other
(00:32 / Allies) SMERB.COM.COM: he scared :D
(00:33 / Allies) STARCRAFTLEGEND: acc
(00:34 / Allies) STARCRAFTLEGEND: i can find
(00:41 / Allies) BeethovenReborn: rush?1
(00:41 / Allies) STARCRAFTLEGEND: i ahvent lost to ze yet
(00:46 / Allies) BeethovenReborn: gouls to necros
(00:46 / Allies) SMERB.COM.COM: good lets punish him
(00:48 / Allies) SMERB.COM.COM: picking ne
(00:50 / Allies) SMERB.COM.COM: lolol
(00:56 / Allies) KODOS_FORSAKEN: what hero should i go
(00:58 / Allies) STARCRAFTLEGEND: mk foots
(01:01 / Allies) SMERB.COM.COM: beastmaster.
(01:11 / Allies) KODOS_FORSAKEN: well ok
(01:13 / Allies) SMERB.COM.COM: lol
(01:14 / Allies) KODOS_FORSAKEN: bm it is
(01:14 / Allies) SMERB.COM.COM: wtf
(01:16 / Allies) STARCRAFTLEGEND: who said ghuols?
(01:20 / Allies) SMERB.COM.COM: im just fiending
(01:25 / Allies) SMERB.COM.COM: standard joke shit
(01:26 / Allies) BeethovenReborn: gouls to necros
(01:30 / Allies) SMERB.COM.COM: ermm
(01:34 / Allies) KODOS_FORSAKEN: oh boy
(01:34 / Allies) SMERB.COM.COM: lol
(01:36 / Allies) BeethovenReborn: lets rush
(01:37 / Allies) STARCRAFTLEGEND: rofl
(01:47 / Allies) STARCRAFTLEGEND: i hate these rufkin creeps
(02:30 / Allies) KODOS_FORSAKEN: about to do work with the beast
(02:45 / All) KODOS_FORSAKEN: fuck off clown
(02:59 / Allies) SMERB.COM.COM: rofl
(03:00 / Allies) SMERB.COM.COM: excellent
(03:10 / Allies) STARCRAFTLEGEND: need me?
(03:12 / Allies) KODOS_FORSAKEN: no
(03:18 / Allies) KODOS_FORSAKEN: pally and potm
(03:19 / Allies) STARCRAFTLEGEND: k
(03:21 / Allies) KODOS_FORSAKEN: lol
(03:27 / Allies) STARCRAFTLEGEND: there desperate
(03:34 / Allies) SMERB.COM.COM: want me to push bottom
(03:35 / Allies) SMERB.COM.COM: atm
(03:40 / Allies) KODOS_FORSAKEN: 3 here
(03:42 / Allies) SMERB.COM.COM: k
(03:45 / Allies) SMERB.COM.COM: tell me if you need ud tp
(03:57 / Allies) STARCRAFTLEGEND: im almost 3
(04:13 / Allies) KODOS_FORSAKEN: need help soon
(04:15 / Allies) SMERB.COM.COM: k
(04:16 / Allies) SMERB.COM.COM: tping
(04:17 / Allies) STARCRAFTLEGEND: k
(04:18 / Allies) SMERB.COM.COM: in 4 seconds
(04:18 / Allies) STARCRAFTLEGEND: go
(04:26 / Allies) SMERB.COM.COM: omw
(04:27 / Allies) SMERB.COM.COM: lets rock
(04:50 / Allies) STARCRAFTLEGEND: kotg donw
(05:00 / Allies) STARCRAFTLEGEND: pally
(05:13 / Allies) STARCRAFTLEGEND: rofl
(05:17 / Allies) SMERB.COM.COM: hrm
(05:17 / Allies) KODOS_FORSAKEN: k
(05:18 / Allies) SMERB.COM.COM: no tp
(05:20 / Allies) SMERB.COM.COM: but ill go
(06:10 / Allies) STARCRAFTLEGEND: coil pally
(06:12 / Allies) STARCRAFTLEGEND: i mean
(06:13 / Allies) STARCRAFTLEGEND: kotg
(06:13 / Allies) SMERB.COM.COM: mana
(06:40 / Allies) STARCRAFTLEGEND: b
(06:41 / Allies) SMERB.COM.COM: im runnig
(06:46 / Allies) SMERB.COM.COM: damnit
(06:51 / Allies) STARCRAFTLEGEND: tey amss
(06:54 / Allies) SMERB.COM.COM: ye
(06:55 / Allies) SMERB.COM.COM: we got tech
(06:57 / Allies) SMERB.COM.COM: whateva
(06:59 / Allies) STARCRAFTLEGEND: get proc
(07:08 / Allies) SMERB.COM.COM: 100 wood?
(07:09 / Allies) BeethovenReborn: any gold plz?
(07:18 / Allies) SMERB.COM.COM: danke shon
(07:26 / Allies) SMERB.COM.COM: TPING
(07:27 / Allies) STARCRAFTLEGEND: necs
(07:27 / Allies) STARCRAFTLEGEND: bring
(07:28 / Allies) STARCRAFTLEGEND: ghousl
(07:28 / Allies) STARCRAFTLEGEND: now
(07:29 / Allies) SMERB.COM.COM: in 10 seconds
(07:38 / Allies) KODOS_FORSAKEN: the fuck
(08:10 / Allies) STARCRAFTLEGEND: dkdk
(08:13 / Allies) STARCRAFTLEGEND: nova
(08:13 / Allies) STARCRAFTLEGEND: dk
(08:17 / Allies) STARCRAFTLEGEND: good
(09:35 / Allies) SMERB.COM.COM: jeez
(09:36 / Allies) SMERB.COM.COM: ffs
(09:37 / Allies) SMERB.COM.COM: lol
(09:39 / Allies) SMERB.COM.COM: going to get orb
(09:40 / Allies) SMERB.COM.COM: and tp
(09:43 / Allies) KODOS_FORSAKEN: they want this bad
(09:44 / Allies) SMERB.COM.COM: cant bro
(09:45 / Allies) STARCRAFTLEGEND: na
(09:46 / Allies) STARCRAFTLEGEND: lets creep
(09:47 / Allies) KODOS_FORSAKEN: build up some
(09:49 / Allies) SMERB.COM.COM: orange
(09:51 / Allies) KODOS_FORSAKEN: dont counter
(09:51 / Allies) STARCRAFTLEGEND: gota creep
(09:52 / Allies) SMERB.COM.COM: we really gotta buiold up son
(09:52 / Allies) KODOS_FORSAKEN: it will fail
(09:53 / Allies) BeethovenReborn: w8
(10:00 / Allies) SMERB.COM.COM: going to my base
(10:01 / Allies) SMERB.COM.COM: atm
(10:04 / Allies) SMERB.COM.COM: for orc and such
(10:24 / Allies) KODOS_FORSAKEN: get tps
(10:33 / Allies) SMERB.COM.COM: cant
(10:33 / Allies) SMERB.COM.COM: jack
(10:35 / Allies) SMERB.COM.COM: no man
(10:51 / Allies) BeethovenReborn: lets atack
(10:54 / Allies) SMERB.COM.COM: k
(10:56 / Allies) SMERB.COM.COM: but yellow near me
(11:00 / Allies) STARCRAFTLEGEND: after this
(11:00 / Allies) BeethovenReborn: meet
(11:04 / Allies) KODOS_FORSAKEN: wait for smerb
(11:07 / Allies) SMERB.COM.COM: 10 seconds waway from orb
(11:08 / Allies) SMERB.COM.COM: sec
(11:18 / Allies) STARCRAFTLEGEND: im lvl 5
(11:19 / Allies) SMERB.COM.COM: k
(11:19 / Allies) STARCRAFTLEGEND: woot
(11:21 / Allies) SMERB.COM.COM: lets rock
(11:43 / Allies) SMERB.COM.COM: they might be moving soon
(12:00 / Allies) STARCRAFTLEGEND: smerb
(12:01 / Allies) STARCRAFTLEGEND: come
(12:06 / Allies) SMERB.COM.COM: omw sir
(12:07 / Allies) BeethovenReborn: kill anti necros first
(12:11 / Allies) SMERB.COM.COM: sure
(12:12 / Allies) SMERB.COM.COM: lol
(12:14 / Allies) SMERB.COM.COM: what a statement
(12:31 / Allies) SMERB.COM.COM: searcing web now
(13:06 / Allies) KODOS_FORSAKEN: say back
(13:07 / Allies) KODOS_FORSAKEN: we got good pos
(13:08 / Allies) STARCRAFTLEGEND: b
(13:46 / All) SMERB.COM.COM: Gg
(14:22 / All) STARCRAFTLEGEND: ??